 Dungeon Crawl Stone Soup version 0.30-a0-476-g330ca2eb8e (webtiles) character file.

Game seed: 17373731575109420404

52847 CowFu the Fencer (level 14, -3/84 HPs)
             Began as a Tengu Fighter on Dec 21, 2022.
             Was a High Priest of Hepliaklqana.
             Slain by a yak (30 damage)
             ... on level 5 of the Lair of Beasts.
             The game lasted 00:36:11 (19018 turns).

CowFu the Fencer (Tengu Fighter)                   Turns: 19018, Time: 00:36:11

Health: -3/84      AC: 10    Str: 21    XL:     14   Next: 65%
Magic:  15/15      EV:  2    Int:  8    God:    Hepliaklqana [*****.]
Gold:   1361       SH:  0    Dex: 15    Spells: 9/13 levels left

rFire   . . .      SeeInvis .    a - +0 triple sword (freeze)
rCold   . . .      Faith    .    (shield currently unavailable)
rNeg    . . .      Spirit   .    x - +0 steam dragon scales
rPois   .          Reflect  .    (helmet restricted)
rElec   .          Harm     .    j - scarf {repulsion}
rCorr   .          Rampage  .    l - +1 pair of gloves
Will    +....                    (boots unavailable)
Stlth   +.........               (no amulet)
HPRegen 0.34/turn                e - +4 ring of slaying
MPRegen 0.14/turn                q - +4 ring of evasion

@: sleeping, flying quickly and evasively, studying 2 skills, repel missiles,
quick
A: reduced essence, beak, talons 3, nimble flight
a: Renounce Religion, Recall Ancestor, Ancestor Identity, Transference, Idealise


You were on level 5 of the Lair of Beasts.
You worshipped Hepliaklqana.
Hepliaklqana was extremely pleased with you.
You visited 2 branches of the dungeon, and saw 19 of its levels.
You also visited: Ossuary.

You collected 1361 gold pieces.

Inventory:

Hand Weapons
 a - a +0 triple sword of freezing (weapon)
 b - a +3 scimitar of flaming
 c - a +1 long sword of freezing
Missiles
 y - 2 throwing nets (quivered)
Armour
 j - a scarf of repulsion (worn)
 l - a +1 pair of gloves (worn)
 u - a +0 kite shield
 x - +0 steam dragon scales (worn)
 B - a +1 pair of gloves
Jewellery
 e - a +4 ring of slaying (left hand)
 q - a +4 ring of evasion (right hand)
 v - the ring "Weruogib" {*Slow rElec rCorr Str+6 SInv}
   (You took it off a centaur on level 13 of the Dungeon)

   [ring of strength]

   Str:       It affects your strength (+6).
   rElec:     It insulates you from electricity.
   SInv:      It lets you see invisible.
   rCorr:     It protects you from acid and corrosion.
   *Slow:     It may slow you when you take damage.
 A - a +4 ring of protection
Wands
 d - a wand of charming (17)
 p - a wand of flame (45)
 w - a wand of iceblast (10)
 D - a wand of polymorph (9)
Scrolls
 h - 9 scrolls of teleportation
 m - 5 scrolls of fear
 t - 2 scrolls of blinking
 E - 2 scrolls of fog
 F - a scroll of silence
 G - a scroll of butterflies
 H - 14 scrolls of identify
 J - 2 scrolls of enchant weapon
Potions
 f - 5 potions of lignification
 g - a potion of cancellation {unknown}
 i - a potion of invisibility
 k - 4 potions of ambrosia
 n - 2 potions of magic
 o - 3 potions of mutation
 r - a potion of might
 s - 2 potions of flight
 z - a potion of brilliance
 C - 2 potions of haste
 I - 2 potions of curing
 K - a potion of heal wounds
 M - a potion of berserk rage


   Skills:
 - Level 13.0 Fighting
 + Level 15.5 Long Blades
 - Level 13.0 Armour
 - Level 13.0 Dodging
 - Level 5.4 Shields


You had 9 spell levels left.
You knew the following spells:

 Your Spells              Type           Power      Damage    Failure   Level
a - Airstrike             Air            0%         2d(0-16)  99%         4

Your spell library contained the following spells:

 Spells                   Type           Power      Damage    Failure   Level
 Shock                    Conj/Air       0%         1d3       41%         1
 Ensorcelled Hibernation  Hex/Ice        0%         N/A       54%         2
 Passwall                 Tmut/Erth      0%         N/A       54%         2
 Sublimation of Blood     Necr           0%         N/A       54%         2
 Wereblood                Tmut           0%         N/A       54%         2
 Gell's Gravitas          Tloc           0%         N/A       78%         3
 Ignite Poison            Fire/Tmut/Pois 0%         N/A       78%         3
 Kindle Blastsparks       Fire/Tloc/Air  0%         2d10      78%         3
 Lesser Beckoning         Tloc           0%         N/A       78%         3
 Stone Arrow              Conj/Erth      0%         3d7       78%         3
 Swiftness                Air            0%         N/A       78%         3
 Teleport Other           Tloc           0%         N/A       78%         3
 Vhi's Electric Charge    Tloc/Air       0%         N/A       78%         3
 Animate Armour           Summ/Erth      0%         N/A       99%         4
 Olgreb's Toxic Radiance  Pois           0%         N/A       99%         4
 Arcjolt                  Conj/Air       0%         1d10      100%        5
 Freezing Cloud           Conj/Ice/Air   0%         6-21      100%        5
 Summon Forest            Summ/Tloc      0%         N/A       100%        5
 Summon Mana Viper        Hex/Summ       0%         N/A       100%        5
 Dispersal                Tloc           0%         N/A       100%        6
 Iron Shot                Conj/Erth      0%         9d1       100%        6
 Statue Form              Tmut/Erth      0%         N/A       100%        6
 Summon Cactus Giant      Summ           0%         N/A       100%        6
 Ozocubu's Refrigeration  Ice            0%         4d7       100%        7
 Summon Hydra             Summ           0%         N/A       100%        7
 Ignition                 Fire           0%         3d3       100%        8
 Maxwell's Capacitive Co  Air            0%         ∞         100%        8


Dungeon Overview and Level Annotations

Branches:
Dungeon (14/15)            Temple (0/1) D:5            Lair (5/5) D:8
 Shoals (0/4) Lair:3        Snake (0/4) Lair:2          Orc (0/2) D:12
 Vaults (0/5) D:14        Ossuary (visited)
  Slime: Lair:4-5

Altars:
Dithmenos
Elyvilon
Fedhas
Hepliaklqana
Trog
Uskayaw
Vehumet
Xom

Shops:
D:7 (

Annotations:
Lair:4 exclusion: oklob plant


Innate Abilities, Weirdness & Mutations

Your life essence is reduced to manifest your ancestor. (-10% HP)
You have a beak for a mouth.
You have claws for feet.
Your magical nature lets you fly swiftly and evasively.


Message History

The yak gores Nakurtum.
The dream sheep ruffle their wool and motes of dream dust sparkle, to no effect.
The death yak gores Nakurtum!!
Nakurtum is destroyed!
You feel very sick.
The blink frog blinks!
The yak barely misses you. The yak completely misses you.
You fly upwards.
Level annotation: exclusion: oklob plant You feel sick.
There is a stone staircase leading down here.
You hit the yak. You freeze the yak.
The yak is lightly wounded.
You feel sick. The yak completely misses you. The yak misses you.
You hit the yak. You freeze the yak. You claw the yak!
Your peck misses the yak.
The yak is heavily wounded.
You feel sick. The yak completely misses you. The yak barely misses you.
You slice the yak!! You freeze the yak!
You kill the yak!
You feel sick. The yak misses you.
You slice the yak!! You freeze the yak!
You kill the yak!
You feel sick.
You feel sick.
You see here a yak corpse.
You feel sick.
You are no longer poisoned.
There is a stone staircase leading down here.
Okay, then.
Nakurtum emerges from the mists of memory!
You fly downwards.
You feel an oppressive heat about you.
There is an entrance to a volcano on this level.
Hurry and find it before the entrance collapses!
You hear the slow rumble of an avalanche of rocks very nearby.
The yak gores you! The yak completely misses you.
The dream sheep shake their wool and sparkle.
You feel drowsy...
You fall asleep.
The yak gores you!!
You die...

P.....#.# #.#
......... ....
#....#.# #.#.#
##............
#.....#Y#.#.#.#
##.......†......
.P....†#Y#.#.#.#
......YYY.......
.......#@#.#.#.#
.......Y.F......
........#.P...PP
.......# ...##PP
......# ....# P
...... ...#.#
.....+ ....##
.... ...##


You could see a death yak, 3 yaks, a blink frog and 2 dream sheep.

Vanquished Creatures
  Roxanne (D:14)
  3 vault guards (D:14)
  A death knight (D:14)
  2 hydras
  2 centaur warriors
  An ogre mage (D:14)
  A catoblepas (Lair:3)
  2 boulder beetles
  Urug (D:11)
  A deep elf archer (D:14)
  A phantasmal warrior (D:14)
  3 cyclopes
  An ugly thing (D:13)
  3 manticores
  3 black mambas
  A merfolk siren (Lair:3)
  A torpor snail (Lair:2)
  An orange demon (Lair:3)
  A gargoyle (D:13)
  8 cane toads
  4 komodo dragons
  A kobold demonologist (D:14)
  An unseen horror (D:9)
  2 rime drakes (Lair:4)
  A tengu conjurer (D:14)
  An efreet (D:14)
  A queen bee (Lair:2)
  2 hornets
  A polar bear (D:10)
  11 blink frogs
  14 slime creatures
  Sigmund (D:4)
  3 wyverns
  5 wraiths
  A shadow (D:9)
  A vampire (D:11)
  A human (D:14)
  A steam dragon (D:7)
  70 yaks
  4 basilisks
  A warg (D:12)
  6 vampire mosquitoes (D:11)
  3 nagas (Lair:2)
  8 water moccasins
  2 ice beasts (D:7)
  4 orc warriors
  3 black bears
  An ogre (D:5)
  12 centaurs
  11 wolves
  3 phantoms
  4 kobold brigands
  2 gnoll sergeants
  2 elf zombies (Ossuary)
  13 bullfrogs
  3 scorpions
  3 wights (D:9)
  24 killer bees
  An electric eel (Lair:3)
  4 howler monkeys
  2 hexers
  A jelly (D:7)
  A human zombie (Ossuary)
  6 orc priests
  3 hounds (D:6)
  A gnoll bouda (D:7)
  4 iguanas
  Ijyb (D:5)
  5 orc wizards
  4 hound zombies (Ossuary)
  4 mummies (Ossuary)
  15 gnolls
  10 adders
  A shadow imp (D:8)
  2 white imps
  2 ufetubi
  3 worms (D:2)
  2 dart slugs
  27 orcs
  5 bats
  3 endoplasms
  5 giant cockroaches
  A gnoll zombie (Ossuary)
  6 hobgoblins
  A quokka (D:4)
  8 ball pythons
  2 frilled lizards (D:2)
  7 goblins
  2 hobgoblin zombies (Ossuary)
  2 jackal zombies (Ossuary)
  33 kobolds
  6 rats
449 creatures vanquished.

Vanquished Creatures (collateral kills)
  2 vault guards (D:14)
  A boulder beetle (D:13)
  A deep elf knight (D:14)
  Amaemon (Lair:3)
  A deep elf pyromancer (D:12)
  A cane toad (Lair:5)
  A komodo dragon (D:10)
  A kobold demonologist (D:10)
  A freezing wraith (D:14)
  A polar bear (D:10)
  2 blink frogs (Lair:3)
  A wyvern (D:8)
  6 yaks
  A steam dragon (D:8)
  A warg (D:12)
  A water moccasin (D:8)
  2 centaurs (D:13)
  A kobold brigand (D:8)
  A scorpion (D:7)
  3 killer bees (D:9)
  An orc priest (D:12)
  A gnoll (D:7)
  3 orcs (D:9)
  3 kobolds (D:7)
38 creatures vanquished.

Vanquished Creatures (others)
  A water moccasin (D:8)
  6 hexers
  7 fungi
  19 plants
33 creatures vanquished.

Grand Total: 520 creatures vanquished

Notes
Turn   | Place    | Note
-------+----------+-------------------------------------------
     0 | D:1      | CowFu the Tengu Fighter began the quest for the Orb.
     0 | D:1      | Reached XP level 1. HP: 14/14 MP: 2/2
   284 | D:1      | Reached XP level 2. HP: 19/19 MP: 3/3
   935 | D:2      | Reached skill level 1 in Dodging
   935 | D:2      | Reached XP level 3. HP: 23/23 MP: 4/4
  1209 | D:2      | Reached XP level 4. HP: 28/28 MP: 5/5
  1521 | D:3      | Reached skill level 3 in Long Blades
  1632 | D:3      | Gained mutation: Your magical nature lets you fly swiftly
                  | and evasively. [Tengu growth]
  1632 | D:3      | Reached XP level 5. HP: 33/33 MP: 6/6
  2013 | D:4      | Noticed Sigmund
  2015 | D:4      | Found a sand-covered staircase.
  2015 | D:4      | Noticed a phantom
  2019 | D:4      | Killed a phantom
  2020 | D:4      | Reached XP level 6. HP: 38/38 MP: 7/7
  2024 | Ossuary  | Entered an ossuary
  2059 | Ossuary  | Reached skill level 4 in Long Blades
  2069 | Ossuary  | Reached XP level 7. HP: 9/44 MP: 8/8
  2443 | D:4      | Killed Sigmund
  2444 | D:4      | Reached skill level 5 in Armour
  2699 | D:4      | Reached skill level 5 in Fighting
  2705 | D:4      | Reached XP level 8. HP: 39/49 MP: 9/9
  2828 | D:5      | Entered Level 5 of the Dungeon
  2856 | D:5      | Reached skill level 5 in Long Blades
  2891 | D:5      | Found a staircase to the Ecumenical Temple.
  2923 | D:5      | Found a blossoming altar of Fedhas.
  2966 | D:5      | Noticed Ijyb
  2975 | D:5      | Killed Ijyb
  3138 | D:5      | Reached skill level 5 in Dodging
  3440 | D:5      | Found a shimmering altar of Xom.
  3441 | D:5      | Found a hazy altar of Hepliaklqana.
  3442 | D:5      | Noticed a spectral ugly thing
  3473 | D:5      | Became a worshipper of Hepliaklqana the Forgotten
  3606 | D:5      | Reached skill level 6 in Long Blades
  3929 | D:6      | Reached XP level 9. HP: 55/55 MP: 10/10
  4005 | D:6      | Identified the +1 robe of Vlad {Rampage Slay+3 Stlth-}
  4180 | D:6      | Reached * piety under Hepliaklqana
  4657 | D:7      | Found Cemuop Eceud's Weapon Shoppe.
  4694 | D:7      | Reached ** piety under Hepliaklqana
  4696 | D:7      | Remembered your ancestor Nakurtum as a hexer
  4746 | D:7      | Reached skill level 7 in Long Blades
  4934 | D:7      | Found a hide-covered altar of Uskayaw.
  4950 | D:7      | Noticed a +0 dagger
  4951 | D:7      | Noticed a +0 dagger
  5232 | D:8      | Found a staircase to the Lair.
  5240 | D:8      | Reached XP level 10. HP: 54/56 MP: 11/11
  5261 | D:8      | Reached skill level 8 in Long Blades
  6427 | D:9      | Reached skill level 9 in Long Blades
  6569 | D:9      | Reached *** piety under Hepliaklqana
  6607 | D:9      | Reached XP level 11. HP: 61/62 MP: 12/12
  6935 | D:9      | You are sucked into a shaft and drop 1 floor!
  6935 | D:10     | Entered Level 10 of the Dungeon
  7070 | D:10     | Found a radiant altar of Vehumet.
  7417 | D:9      | Reached skill level 10 in Armour
  7877 | D:10     | Reached skill level 10 in Long Blades
  7934 | D:10     | Found a bloodstained altar of Trog.
  8167 | D:10     | Reached skill level 10 in Dodging
  8256 | D:10     | Reached skill level 10 in Fighting
  8577 | D:10     | Reached **** piety under Hepliaklqana
  8896 | D:11     | Reached skill level 11 in Long Blades
  9001 | D:11     | Noticed Urug
  9015 | D:11     | Killed Urug
  9016 | D:11     | Reached XP level 12. HP: 17/69 MP: 13/13
  9556 | D:12     | Reached skill level 12 in Long Blades
  9852 | D:12     | Found a staircase to the Orcish Mines.
 10023 | D:12     | Reached skill level 13 in Long Blades
 10528 | D:13     | Reached skill level 14 in Long Blades
 10855 | D:13     | Noticed a boulder beetle
 10872 | D:13     | Killed a boulder beetle
 11160 | D:13     | Noticed a boulder beetle
 11172 | D:13     | Killed a boulder beetle
 11287 | D:13     | Found a white marble altar of Elyvilon.
 11328 | D:13     | Identified the ring "Weruogib" {*Slow rElec rCorr Str+6
                  | SInv}
 11329 | D:13     | Noticed a centaur warrior
 11335 | D:13     | Killed a centaur warrior
 11340 | D:13     | Reached skill level 5 in Shields
 11631 | D:14     | Noticed a deep elf knight
 11631 | D:14     | Noticed a vault guard
 11632 | D:14     | Noticed a vault guard
 11925 | D:14     | Noticed a death knight
 11926 | D:14     | Identified Roxanne's Atlas of Bedrock
 11926 | D:14     | Noticed Roxanne
 11956 | D:14     | Killed a death knight
 11957 | D:14     | Reached XP level 13. HP: 7/74 MP: 14/14
 12868 | D:14     | Reached ***** piety under Hepliaklqana
 13401 | D:14     | Found a shadowy altar of Dithmenos.
 13519 | D:14     | Noticed a vault guard
 13527 | D:14     | Killed a vault guard
 13548 | D:14     | Killed a vault guard
 13855 | D:14     | Killed a vault guard
 14031 | D:14     | Found a gate to the Vaults.
 14031 | D:14     | Noticed a vault guard
 14031 | D:14     | Noticed a vault guard
 14035 | D:14     | HP: 1/75 [vault guard/+0 halberd (10)]
 14039 | D:14     | Killed a vault guard
 14041 | D:14     | Killed a vault guard
 14324 | D:14     | Killed Roxanne
 14589 | Lair:1   | Entered Level 1 of the Lair of Beasts
 15262 | Lair:1   | Reached XP level 14. HP: 68/82 MP: 15/15
 15646 | Lair:2   | Found a staircase to the Snake Pit.
 16019 | Lair:2   | HP: 1/82 [black mamba (10)]
 16934 | Lair:3   | Noticed Amaemon
 16942 | Lair:3   | Killed Amaemon
 17301 | Lair:3   | Found a staircase to the Shoals.
 17926 | Lair:4   | Reached skill level 15 in Long Blades
 18822 | Lair:3   | Identified a scroll of acquirement
 18942 | Lair:3   | Acquired a manual of Spellcasting
 18949 | Lair:3   | Learned a level 4 spell: Airstrike
 18962 | Lair:5   | Entered Level 5 of the Lair of Beasts
 19018 | Lair:5   | Slain by a yak

Illustrated notes

Levels and vault maps discovered:
D:1:      wander_arrival_fairy_ring, layout_loops_corners
D:2:      layout_loops_ring
D:3:      layout_rooms
D:4:      layout_rooms, nicolae_ossuary_entry_ruins, minmay_manual_mares,
          uniq_sigmund
D:5:      layout_loops_corners, regret_index_temple_of_mockery,
          mainiacjoe_overflow_24_doors, minmay_temple_entry_statues_pillars,
          uniq_ijyb
D:6:      layout_cave_pools, serial_column_ruins, column_ruins_square_large,
          column_ruins_open_tiny, column_ruins_columns_dead_end,
          column_ruins_corridor_corner, column_ruins_open_small
D:7:      layout_basic, dancing_weapons_uskayaw, serial_shops,
          nicolae_lakefront_shop
D:8:      layout_basic, minmay_lair_entry_grove, grunt_ministairs_2
D:9:      layout_stronghold, serial_glass, glass_columns_a, glass_columns_a,
          glass_columns_c, glass_columns_c, glass_columns_c, glass_columns_b,
          glass_columns_a, glass_columns_b, kennysheep_small_circle
D:10:     layout_loops_ring, mainiacjoe_overflow_chevrons, trog_ov_bears_minmay
D:11:     layout_rooms, serial_corexii_hall, corexii_hall_statues_deadend,
          corexii_hall_statues_l, uniq_urug
D:12:     layout_small_grid, david_orc_1_choice
D:13:     layout_stronghold, elyvilon_altar_1
D:14:     layout_basic, grunt_vaults_entry_fortified,
          grunt_dithmenos_smoke_and_mirrors, uniq_roxanne
Lair:1:   layout_roguey, beast_lair_carwin_3
Lair:2:   layout_cave_shapes, guppyfry_snake_entry_garden, special_room
          [special_room_bee], grunt_megastairs_1
Lair:3:   layout_roguey, elwin_shoals_entry_rooms, kennysheep_catoblepas_arena,
          uniq_amaemon
Lair:4:   layout_misc_corridors, minmay_lair_oklob_bushes,
          chequers_serial_rivers_small_3
Lair:5:   hellmonk_lair_end_abyssal_woods, layout_regular_city, slime_entry_1,
          lightli_volcano_entry_magma_tube, st_stairs_9

Skill      XL: |  1  2  3  4  5  6  7  8  9 10 11 12 13 14 |
---------------+-------------------------------------------+-----
Dodging        | 1 2 3 4 5 7 8 10 12 13 | 13.0
Long Blades    | 3 4 6 7 9 11 14 15 | 15.5
Armour         | 4 5 6 8 9 10 12 13 | 13.0
Fighting       | 4 5 6 7 8 10 12 13 | 13.0
Shields        | 4 5 |  5.4

Action                   |  1- 3 |  4- 6 |  7- 9 | 10-12 | 13-15 || total
-------------------------+-------+-------+-------+-------+-------++-------
Melee: Long sword        |    83 |    84 |   211 |   465 |       ||   843
       Peck              |     7 |     7 |    37 |   129 |   122 ||   302
       Kick              |    14 |    21 |    72 |   184 |   177 ||   468
       Scimitar          |       |       |       |    22 |   219 ||   241
       Triple sword      |       |       |       |       |   240 ||   240
       Punch             |       |       |       |       |     1 ||     1
Invok: Recall Ancestor   |       |       |     1 |     3 |     2 ||     6
       Ancestor Life: He |       |       |     1 |       |       ||     1
  Use: Potion            |       |     4 |     3 |    15 |     2 ||    24
       Scroll            |       |     1 |    14 |     9 |     5 ||    29
 Stab: Confused          |       |       |     2 |     9 |     3 ||    14
       Distracted        |       |       |       |     8 |     3 ||    11
       Invisible         |       |       |       |     3 |       ||     3
       Sleeping          |       |       |       |       |     1 ||     1
Armor: Scale mail        |    28 |     5 |       |       |       ||    33
       Chain mail        |       |   107 |    59 |       |       ||   166
       Steam dragon scal |       |       |     2 |    72 |    57 ||   131
Dodge: Dodged            |    39 |   160 |   165 |   465 |   474 ||  1303
       Repelled          |       |     1 |     1 |     2 |     4 ||     8
Block: Buckler           |    14 |    53 |    60 |    82 |       ||   209
       Kite shield       |       |       |       |    72 |    18 ||    90

Table legend: (Time is in decaauts)
 A = Elapsed time spent in this place.
 B = Non-inter-level travel time spent in this place.
 C = Inter-level travel time spent in this place.
 D = Time resting spent in this place.
 E = Time spent auto-exploring this place.
 F = Levels seen in this place.
 G = Mean time per level.
                   A        B        C        D        E       F      G
               +--------+--------+--------+--------+--------+-----+--------+
         Total |  18116 |  17650 |    466 |      0 |  14506 |  20 |  905.8 |
       Dungeon |  13527 |  13152 |    375 |      0 |  10781 |  14 |  966.2 |
          Lair |   4176 |   4086 |     90 |      0 |   3428 |   5 |  835.2 |
       Ossuary |    412 |    412 |      0 |      0 |    297 |   1 |  412.0 |
               +--------+--------+--------+--------+--------+-----+--------+

Top non-repeatable levels by time:
    D:14: 2772 daAuts
  Lair:3: 1263 daAuts
     D:9: 1239 daAuts
    D:13: 1194 daAuts
  Lair:2: 1085 daAuts
    D:10: 1065 daAuts
     D:5: 980 daAuts
  Lair:1: 979 daAuts
     D:8: 966 daAuts
     D:7: 923 daAuts
     D:1: 876 daAuts
  Lair:4: 834 daAuts
    D:12: 763 daAuts
    D:11: 726 daAuts
     D:2: 642 daAuts
